 Dungeon Crawl Stone Soup version 0.21.1-1-g345015fe64 (webtiles) character file.

135 JarielCorvus the Magician (level 4, 0/24 HPs)
             Began as a Deep Elf Wizard on June 18, 2018.
             Slain by a river rat (6 damage)
             ... on level 3 of the Dungeon.
             The game lasted 00:09:34 (2885 turns).

JarielCorvus the Magician (Deep Elf Wizard)         Turns: 2885, Time: 00:09:34

Health: 0/24       AC:  2    Str:  9    XL:     4   Next: 97%
Magic:  2/14       EV: 12    Int: 23    God:
Gold:   95         SH:  3    Dex: 13    Spells: 5/16 levels left

rFire    . . .     SeeInvis .   o - +2 dagger (speed)
rCold    . . .     Gourm    .   h - +0 buckler
rNeg     . . .     Faith    .   a - +0 robe
rPois    .         Spirit   .   b - +0 hat
rElec    .         Reflect  .   (no cloak)
rCorr    .         Harm     .   (no gloves)
MR       .....                  (no boots)
Stlth    ++........             (no amulet)
HPRegen  0.08/turn              (no ring)
MPRegen  0.14/turn              (no ring)

@: no status effects
A: beak, talons 1, strong 2
a: no special abilities


You were on level 3 of the Dungeon.
You were not hungry.

You visited 1 branch of the dungeon, and saw 3 of its levels.

You collected 95 gold pieces.

Inventory:

Hand Weapons
 k - a +2 quarterstaff of draining
 o - a +2 dagger of speed (weapon)
Armour
 a - a +0 robe (worn)
 b - a +0 hat (worn)
 h - a +0 buckler (worn)
Jewellery
 i - an uncursed ring of fire {unknown}
 m - an uncursed amulet of regeneration {unknown}
Scrolls
 g - a scroll of enchant weapon
 l - 5 scrolls of remove curse
 n - a scroll of teleportation
Potions
 e - a potion of agility
 f - a potion of haste
 j - a potion of flight {unknown}
Books
 c - a book of Minor Magic

   Spells                             Type                      Level
   a - Magic Dart                     Conjuration                  1
   b - Blink                          Translocation                2
   c - Call Imp                       Summoning                    2
   d - Slow                           Hexes                        2
   e - Conjure Flame                  Conjuration/Fire             3
   f - Mephitic Cloud                 Conjuration/Poison/Air       3
Comestibles
 d - 4 rations


   Skills:
 - Level 2.4 Dodging
 - Level 2.4 Stealth
 + Level 0.7 Shields
 * Level 6.7 Spellcasting
 + Level 2.9 Conjurations
 - Level 1.1 Summonings
 - Level 1.1 Translocations


You had 5 spell levels left.
You knew the following spells:

 Your Spells              Type           Power        Failure   Level  Hunger
a - Magic Dart            Conj           ###.         3%          1    None
b - Blink                 Tloc           N/A          12%         2    None
c - Call Imp              Summ           ##......     12%         2    None
d - Conjure Flame         Conj/Fire      ##......     19%         3    None
e - Mephitic Cloud        Conj/Pois/Air  ##......     24%         3    None


Dungeon Overview and Level Annotations

Branches:
Dungeon (3/15)

Altars:
Dithmenos

Portals:
Sewer: D:3


Innate Abilities, Weirdness & Mutations

You have a beak for a mouth.
You have sharp toenails.
Your muscles are very strong. (Str +4)


Message History

Casting: Magic Dart
Confirm with . or Enter, or press ? or * to list all spells.
Aiming: Magic Dart
Press: ? - help, Shift-Dir - straight line, f/p - river rat
Aim: a river rat (lightly wounded)
The magic dart hits the river rat.
The river rat is lightly wounded.
The river rat bites you!
Casting: Magic Dart
Confirm with . or Enter, or press ? or * to list all spells.
Aiming: Magic Dart
Press: ? - help, Shift-Dir - straight line, f/p - river rat
Aim: a river rat (lightly wounded)
The magic dart hits the river rat.
The river rat is heavily wounded.
The river rat bites you!
* * * LOW HITPOINT WARNING * * *
You see here a ball python corpse.
The river rat bites you.
You die...

#......(.#
##.......#
#.......######
#..).........##
############..#
##.########
#........#
##.#####.##
#@.......#
#†r...≈≈.#
#...≈≈.≈≈#
#..≈≈≈≈≈≈#
#..≈r'#+##
#...≈#≈≈≈#
#.≈≈≈#≈∩≈#
#..≈≈# ≈≈#
###### #


You could see a river rat and a rat.

Vanquished Creatures
  5 adders
  An ooze (D:2)
  3 worms
  A dart slug (D:1)
  A leopard gecko (D:3)
  3 ball pythons
  5 giant cockroaches
  7 goblins
  8 hobgoblins
  10 jackals
  9 bats
  11 kobolds
  9 rats
73 creatures vanquished.

Vanquished Creatures (others)
  A plant (D:3)
1 creature vanquished.

Grand Total: 74 creatures vanquished

Notes
Turn   | Place    | Note
-------+----------+-------------------------------------------
     0 | D:1      | JarielCorvus the Deep Elf Wizard began the quest for the Orb.
     0 | D:1      | Reached XP level 1. HP: 10/10 MP: 7/7
   206 | D:1      | Reached XP level 2. HP: 12/15 MP: 1/9
   215 | D:1      | Reached skill level 5 in Spellcasting
   405 | D:1      | Learned a level 2 spell: Blink
   408 | D:1      | Learned a level 2 spell: Call Imp
  1011 | D:2      | Reached XP level 3. HP: 4/19 MP: 1/12
  1264 | D:2      | Learned a level 3 spell: Conjure Flame
  1268 | D:2      | Learned a level 3 spell: Mephitic Cloud
  1524 | D:2      | Found a shadowy altar of Dithmenos.
  1525 | D:2      | Reached skill level 6 in Spellcasting
  1716 | D:2      | Reached XP level 4. HP: 19/24 MP: 8/14
  2334 | D:2      | Gained mutation: Your muscles are strong. (Str +2) [potion of mutation]
  2334 | D:2      | Gained mutation: You have sharp toenails. [potion of mutation]
  2334 | D:2      | Gained mutation: You have a beak for a mouth. [potion of mutation]
  2334 | D:2      | Gained mutation: Your muscles are very strong. (Str +4) [potion of mutation]
  2874 | D:3      | Found a glowing drain.
  2885 | D:3      | Slain by a river rat

Skill      XL: |  1  2  3 |
---------------+----------+-----
Spellcasting   | 5 6 |  6.7
Conjurations   | 2 |  2.9
Dodging        | |  2.4
Stealth        | |  2.4
Shields        | |  0.7
Summonings     | |  1.1
Translocations | |  1.1

Action                   |  1- 3 |  4- 6 || total
-------------------------+-------+-------++-------
Melee: Unarmed           |     7 |       ||     7
       Dagger            |     2 |    21 ||    23
 Cast: Magic Dart        |   110 |    93 ||   203
  Use: Scroll            |     7 |     1 ||     8
       Potion            |     2 |     1 ||     3
  Eat: Chunk             |     2 |     4 ||     6
Armor: Robe              |    10 |     6 ||    16
Dodge: Dodged            |    26 |    39 ||    65
Block: Buckler           |       |     6 ||     6
